2955 views
Uploaded 2020-03-30 22:26:00
Game version 1.32.3
10:26 long 3on3 ladder game on (6)GnollWood
Saved by BEARAND
2955 views
Uploaded 2020-03-30 22:26:00
Game version 1.32.3
10:26 long 3on3 ladder game on (6)GnollWood


60 units @ 6.8k
/ 0.4k
28 buildings @ 4.6k
/ 1.4k


| Healing Salve | 1 | 100 |
| total: | 1 | 100g |
| Peon | 9 | 675 | / | 0 |
| Grunt | 5 | 1000 | / | 0 |
| Demolisher | 1 | 220 | / | 50 |
| Raider | 2 | 360 | / | 80 |
| total: | 17 | 2255g | / | 130w |
| Watch Tower | 3 | 330 | / | 240 |
| Altar of Storms | 1 | 180 | / | 50 |
| Orc Burrow | 5 | 800 | / | 200 |
| Barracks | 1 | 180 | / | 50 |
| Voodoo Lounge | 1 | 130 | / | 30 |
| War Mill | 2 | 410 | / | 0 |
| Beastiary | 1 | 145 | / | 140 |
| Stronghold | 1 | 315 | / | 190 |
| total: | 14 | 2175g | / | 710w |
| 0:03 | Peon |
| 0:03 | Peon |
| 0:06 | Altar of Storms |
| 0:08 | Orc Burrow |
| 0:30 | Barracks |
| 0:41 | Peon |
| 0:58 | Peon |
| 1:16 | Peon |
| 1:31 | Orc Burrow |
| 1:36 | Peon |
| 1:44 | Grunt |
| 2:01 | Voodoo Lounge |
| 2:11 | Feral Spirit |
| 2:20 | Peon |
| 2:26 | War Mill |
| 2:40 | War Mill |
| 2:45 | Grunt |
| 3:09 | Orc Burrow |
| 3:20 | Grunt |
| 3:53 | Watch Tower |
| 3:57 | Grunt |
| 4:25 | Stronghold |
| 4:44 | Grunt |
| 4:58 | Healing Salve |
| 5:09 | Watch Tower |
| 6:15 | Chain Lighting |
| 6:42 | Orc Burrow |
| 6:47 | Beastiary |
| 7:13 | Peon |
| 7:13 | Peon |
| 7:27 | Watch Tower |
| 7:52 | Ensnare |
| 8:07 | Demolisher |
| 8:42 | Raider |
| 8:42 | Raider |
| 8:44 | War Stomp |
| 8:51 | Orc Burrow |
| Right click | 195 |
| Select | 115 |
| Build/train/purchase | 30 |
| Assign group | 19 |
| Select group | 7 |
| Misc. action | 3 |
| Use ability | 2 |

| Wisp | 10 | 600 | / | 0 |
| Huntress | 11 | 2145 | / | 220 |
| total: | 21 | 2745g | / | 220w |
| Moon Well | 4 | 720 | / | 160 |
| Altar of Elders | 1 | 180 | / | 50 |
| Hunter's Hall | 1 | 210 | / | 100 |
| Ancient of War | 1 | 150 | / | 60 |
| Ancient of Wonders | 1 | 90 | / | 30 |
| Tree of Ages | 1 | 320 | / | 180 |
| total: | 8 | 1350g | / | 400w |
| 0:08 | Wisp |
| 0:09 | Wisp |
| 0:09 | Wisp |
| 0:09 | Wisp |
| 0:09 | Wisp |
| 0:10 | Wisp |
| 0:10 | Wisp |
| 0:31 | Moon Well |
| 0:34 | Wisp |
| 0:39 | Wisp |
| 1:07 | Altar of Elders |
| 1:36 | Wisp |
| 1:50 | Hunter's Hall |
| 2:48 | Tree of Ages |
| 3:13 | Ancient of War |
| 3:21 | Entangling Roots |
| 4:48 | Moon Well |
| 4:54 | Sentinel |
| 4:55 | Huntress |
| 4:55 | Huntress |
| 4:55 | Huntress |
| 4:55 | Huntress |
| 4:55 | Huntress |
| 4:57 | Huntress |
| 4:59 | Moon Armor |
| 5:00 | Strength of the Moon |
| 6:30 | Moon Glaive |
| 6:30 | Huntress |
| 6:33 | Improved Moon Armor |
| 6:39 | Moon Well |
| 7:03 | Improved Strength of the Moon |
| 7:07 | Huntress |
| 7:27 | Huntress |
| 7:51 | Ancient of Wonders |
| 8:14 | Huntress |
| 8:17 | Ultravision |
| 8:24 | Moon Well |
| 8:35 | Thorns Aura |
| 8:52 | Huntress |
| Select | 77 |
| Right click | 50 |
| Build/train/purchase | 32 |
| Misc. action | 10 |
| Use ability | 5 |
| Esc | 3 |
| Assign group | 2 |
| Select group | 2 |

| Wisp | 15 | 900 | / | 0 |
| Archer | 7 | 910 | / | 70 |
| total: | 22 | 1810g | / | 70w |
| Altar of Elders | 1 | 180 | / | 50 |
| Moon Well | 3 | 540 | / | 120 |
| Ancient of War | 1 | 150 | / | 60 |
| Hunter's Hall | 1 | 210 | / | 100 |
| Tree of Ages | 1 | 320 | / | 180 |
| Tree of Eternity | 1 | 330 | / | 200 |
| total: | 6 | 1080g | / | 330w |
| 0:05 | Wisp |
| 0:05 | Wisp |
| 0:05 | Wisp |
| 0:22 | Altar of Elders |
| 0:25 | Moon Well |
| 0:48 | Ancient of War |
| 0:54 | Wisp |
| 1:09 | Moon Well |
| 1:29 | Wisp |
| 1:29 | Wisp |
| 1:52 | Archer |
| 1:52 | Archer |
| 2:03 | Wisp |
| 2:26 | Archer |
| 2:34 | Wisp |
| 2:34 | Wisp |
| 2:40 | Moon Well |
| 2:50 | Archer |
| 3:02 | Fan of Knives |
| 3:08 | Wisp |
| 3:08 | Wisp |
| 3:41 | Tree of Ages |
| 3:52 | Archer |
| 4:18 | Hunter's Hall |
| 4:31 | Archer |
| 6:29 | Archer |
| 6:40 | Wisp |
| 6:40 | Wisp |
| 7:19 | Wisp |
| 7:19 | Wisp |
| 7:22 | Blink |
| 7:51 | Tree of Eternity |
| 7:55 | Ultravision |
| 7:57 | Strength of the Wild |
| 7:58 | Reinforced Hides |
| Right click | 329 |
| Select | 130 |
| Select group | 71 |
| Build/train/purchase | 34 |
| Chat | 21 |
| Assign group | 13 |
| Misc. action | 8 |
| Use ability | 3 |
46 units @ 3.4k
/ 0k
73 buildings @ 5.3k
/ 2k


| Boots of Speed | 2 | 500 |
| Staff of Teleportation | 3 | 450 |
| total: | 5 | 950g |
| Peasant | 14 | 1050 | / | 0 |
| total: | 14 | 1050g | / | 0w |
| Scout Tower | 48 | 1440 | / | 960 |
| Arcane Tower | 3 | 210 | / | 150 |
| Guard Tower | 27 | 1890 | / | 1350 |
| Altar of Kings | 1 | 180 | / | 50 |
| Farm | 4 | 320 | / | 80 |
| Lumber Mill | 2 | 240 | / | 0 |
| Keep | 1 | 320 | / | 210 |
| Castle | 1 | 360 | / | 210 |
| total: | 55 | 2180g | / | 1090w |
| 0:04 | Peasant |
| 0:04 | Peasant |
| 0:11 | Altar of Kings |
| 0:20 | Farm |
| 0:24 | Peasant |
| 0:38 | Scout Tower |
| 0:40 | Lumber Mill |
| 0:43 | Lumber Mill |
| 0:45 | Peasant |
| 0:55 | Peasant |
| 1:02 | Scout Tower |
| 1:05 | Peasant |
| 1:23 | Farm |
| 1:28 | Arcane Tower |
| 1:28 | Scout Tower |
| 1:36 | Peasant |
| 1:37 | Peasant |
| 1:47 | Arcane Tower |
| 1:48 | Scout Tower |
| 1:58 | Peasant |
| 2:06 | Guard Tower |
| 2:07 | Scout Tower |
| 2:09 | Blizzard |
| 2:14 | Scout Tower |
| 2:16 | Guard Tower |
| 2:17 | Scout Tower |
| 2:18 | Peasant |
| 2:18 | Peasant |
| 2:31 | Scout Tower |
| 2:39 | Guard Tower |
| 2:42 | Peasant |
| 2:52 | Arcane Tower |
| 2:59 | Scout Tower |
| 2:59 | Scout Tower |
| 3:01 | Peasant |
| 3:09 | Guard Tower |
| 3:10 | Scout Tower |
| 3:10 | Peasant |
| 3:16 | Guard Tower |
| 3:18 | Scout Tower |
| 3:22 | Keep |
| 3:28 | Guard Tower |
| 3:50 | Boots of Speed |
| 3:58 | Staff of Teleportation |
| 3:58 | Staff of Teleportation |
| 4:10 | Guard Tower |
| 4:12 | Scout Tower |
| 4:15 | Guard Tower |
| 4:18 | Scout Tower |
| 4:55 | Brilliance Aura |
| 4:57 | Scout Tower |
| 4:58 | Scout Tower |
| 4:58 | Scout Tower |
| 4:59 | Scout Tower |
| 4:59 | Scout Tower |
| 4:59 | Scout Tower |
| 5:00 | Scout Tower |
| 5:00 | Scout Tower |
| 5:00 | Scout Tower |
| 5:06 | Guard Tower |
| 5:09 | Scout Tower |
| 5:10 | Scout Tower |
| 5:10 | Scout Tower |
| 5:21 | Farm |
| 5:22 | Farm |
| 5:43 | Guard Tower |
| 5:44 | Guard Tower |
| 6:23 | Guard Tower |
| 6:29 | Guard Tower |
| 6:30 | Guard Tower |
| 6:32 | Guard Tower |
| 6:32 | Guard Tower |
| 6:34 | Guard Tower |
| 6:36 | Scout Tower |
| 6:37 | Scout Tower |
| 6:37 | Scout Tower |
| 6:37 | Scout Tower |
| 6:38 | Scout Tower |
| 6:39 | Scout Tower |
| 6:39 | Scout Tower |
| 6:40 | Scout Tower |
| 6:40 | Scout Tower |
| 6:45 | Improved Masonry |
| 6:46 | Guard Tower |
| 6:48 | Scout Tower |
| 6:48 | Scout Tower |
| 6:48 | Scout Tower |
| 6:49 | Scout Tower |
| 6:49 | Scout Tower |
| 6:49 | Scout Tower |
| 6:50 | Scout Tower |
| 6:55 | Scout Tower |
| 6:55 | Scout Tower |
| 6:56 | Scout Tower |
| 6:56 | Scout Tower |
| 7:11 | Scout Tower |
| 7:11 | Scout Tower |
| 7:16 | Guard Tower |
| 7:18 | Castle |
| 7:25 | Storm Bolt |
| 7:37 | Guard Tower |
| 7:39 | Guard Tower |
| 7:48 | Guard Tower |
| 7:52 | Staff of Teleportation |
| 8:17 | Boots of Speed |
| 9:52 | Blizzard |
| 10:21 | Bash |
| Right click | 989 |
| Select | 254 |
| Select group | 125 |
| Build/train/purchase | 63 |
| Chat | 46 |
| Use ability | 21 |
| Assign group | 9 |
| Misc. action | 5 |
| Item give/drop | 4 |
| Remove unit | 2 |
| Minimap ping | 2 |


| Boots of Speed | 1 | 250 |
| Staff of Teleportation | 1 | 150 |
| Periapt of Vitality | 1 | 325 |
| total: | 3 | 725g |
| Acolyte | 2 | 150 | / | 0 |
| Ghoul | 6 | 720 | / | 0 |
| total: | 8 | 870g | / | 0w |
| Nerubian Tower | 2 | 200 | / | 40 |
| Altar of Darkness | 1 | 180 | / | 50 |
| Crypt | 1 | 200 | / | 50 |
| Ziggurat | 2 | 300 | / | 100 |
| Graveyard | 1 | 215 | / | 0 |
| Tomb of Relics | 5 | 650 | / | 150 |
| Slaughterhouse | 1 | 140 | / | 135 |
| Halls of the Dead | 1 | 320 | / | 210 |
| Black Citadel | 2 | 650 | / | 460 |
| total: | 11 | 1685g | / | 485w |
| 0:05 | Acolyte |
| 0:11 | Altar of Darkness |
| 0:15 | Crypt |
| 0:19 | Ziggurat |
| 0:22 | Acolyte |
| 0:56 | Ziggurat |
| 1:16 | Ghoul |
| 1:16 | Ghoul |
| 1:28 | Nerubian Tower |
| 2:00 | Ghoul |
| 2:01 | Nerubian Tower |
| 2:23 | Death Coil |
| 2:24 | Ghoul |
| 2:25 | Ghoul |
| 2:42 | Graveyard |
| 3:02 | Ghoul |
| 4:26 | Halls of the Dead |
| 4:57 | Unholy Aura |
| 5:27 | Boots of Speed |
| 5:27 | Staff of Teleportation |
| 5:29 | Periapt of Vitality |
| 7:39 | Black Citadel |
| 7:41 | Slaughterhouse |
| 7:56 | Tomb of Relics |
| 7:58 | Tomb of Relics |
| 7:59 | Tomb of Relics |
| 8:01 | Tomb of Relics |
| 8:02 | Tomb of Relics |
| 8:06 | Frost Nova |
| 9:10 | Death Coil |
| Right click | 926 |
| Select group | 452 |
| Select | 57 |
| Chat | 47 |
| Resource trade | 36 |
| Use ability | 25 |
| Build/train/purchase | 24 |
| Misc. action | 10 |
| Assign group | 6 |
| Minimap ping | 2 |
| Item give/drop | 1 |


| Circlet of Nobility | 1 | 175 |
| Boots of Speed | 1 | 250 |
| Staff of Teleportation | 2 | 300 |
| total: | 4 | 725g |
| Wisp | 24 | 1440 | / | 0 |
| total: | 24 | 1440g | / | 0w |
| Altar of Elders | 1 | 180 | / | 50 |
| Moon Well | 5 | 900 | / | 200 |
| Tree of Life | 1 | 340 | / | 185 |
| Tree of Ages | 1 | 320 | / | 180 |
| Tree of Eternity | 2 | 660 | / | 400 |
| total: | 7 | 1420g | / | 435w |
| 0:01 | Wisp |
| 0:04 | Altar of Elders |
| 0:15 | Wisp |
| 0:17 | Moon Well |
| 0:31 | Wisp |
| 0:43 | Wisp |
| 0:49 | Wisp |
| 1:00 | Wisp |
| 1:14 | Moon Well |
| 1:21 | Wisp |
| 1:36 | Wisp |
| 1:47 | Wisp |
| 1:55 | Wisp |
| 2:07 | Wisp |
| 2:10 | Mana Burn |
| 2:19 | Moon Well |
| 2:27 | Wisp |
| 2:40 | Circlet of Nobility |
| 2:49 | Wisp |
| 2:57 | Wisp |
| 3:07 | Wisp |
| 3:10 | Moon Well |
| 3:16 | Wisp |
| 3:44 | Wisp |
| 3:49 | Boots of Speed |
| 3:55 | Staff of Teleportation |
| 3:56 | Staff of Teleportation |
| 4:02 | Wisp |
| 4:21 | Wisp |
| 4:52 | Evasion |
| 4:59 | Tree of Ages |
| 5:14 | Tree of Life |
| 6:01 | Moon Well |
| 7:18 | Wisp |
| 7:19 | Wisp |
| 7:19 | Wisp |
| 7:19 | Wisp |
| 7:19 | Wisp |
| 7:37 | Tree of Eternity |
| 9:24 | Shadow Strike |
| Right click | 473 |
| Assign group | 430 |
| Select group | 190 |
| Resource trade | 87 |
| Select | 72 |
| Build/train/purchase | 37 |
| Use ability | 26 |
| Chat | 18 |
| Item give/drop | 1 |
| Minimap ping | 1 |
⇛